 Zot Defence DCSS version 0.15.2 (webtiles) character file.

655 UristPineapples the Fighter (level 7, 0/1 (49) HPs)
             Began as a Gargoyle Fighter on Oct 21, 2015.
             Was a Follower of Makhleb.
             Rotted away (Sigmund)
             ... in the Realm of Zot (Scenario IV: Columnade).
             The game lasted 00:10:24 (916 turns).

UristPineapples the Fighter (Gargoyle Fighter)       Turns: 916, Time: 00:10:24

HP   0/1 (49)    AC 11     Str 19      XL: 7   Next: 54%
MP   7/7         EV  6     Int  9      God: Makhleb [*.....]
Gold 0           SH  9     Dex 11      Spells:  0 memorised,  6 levels left

rFire  . . .     SeeInvis .     a - +0 war axe
rCold  . . .     Clarity  .     b - +0 scale mail (curse)
rNeg   + . .     rCorr    .     c - +0 shield
rPois  +         rRot     +     (no helmet)
rElec  +         Spirit   .     (no cloak)
SustAb .         Warding  .     (no gloves)
rMut   .         Stasis   .     (no boots)
Gourm  .                        (no amulet)
MR     .....                    (no ring)
                                (no ring)

@: not resistant to hostile enchantments, extremely unstealthy
A: negative energy resistance 1, electricity resistance, unbreathing,
petrification resistance, rot immunity, AC +4
a: Make oklob sapling, Make arrow trap, Make plant, Remove Curse, Make burning
bush, Make altar, Make grenades, Make oklob plant, Renounce Religion


You were in the Realm of Zot.
You worshipped Makhleb.
Makhleb was aware of your devotion.
You were not hungry.

You visited 1 branch

Inventory:

Hand weapons
 a - a +0 war axe (weapon)
Missiles
 g - 7 stones (quivered)
Armour
 b - a cursed +0 scale mail (worn)
 c - a +0 shield (worn)
Comestibles
 f - a bread ration
Scrolls
 k - a scroll of blinking
Potions
 d - a potion of curing
 e - a potion of might
 h - a potion of haste
 i - 2 potions of magic


   Skills:
 * Level 8.0 Fighting
 + Level 4.2 Axes
 - Level 3.3 Armour
 - Level 3.2 Shields


You had 6 spell levels left.
You didn't know any spells.

Dungeon Overview and Level Annotations

Branches:
    Zot (1/1)

Altars:
Makhleb

Annotations:
Zot Sigmund


Innate Abilities, Weirdness & Mutations

You are resistant to torment.
You are immune to poison.
Your stone body is very resilient (AC +4).
You resist negative energy.
You are resistant to electric shocks.
You can survive without breathing.
You are immune to petrification.
You are immune to rotting.


Message History

Your shield and scale mail prevent you from hitting something.
Your flesh rots away as the Orb of Zot is desecrated. x4
You closely miss something.
Your flesh rots away as the Orb of Zot is desecrated. x6
You completely miss something.
Your flesh rots away as the Orb of Zot is desecrated. x4
You closely miss something.
Your flesh rots away as the Orb of Zot is desecrated. x6
You miss something.
Your flesh rots away as the Orb of Zot is desecrated. x4
You miss something.
Your flesh rots away as the Orb of Zot is desecrated. x4
Drink which item? (? for menu, Esc to quit)
You feel better.
Your flesh rots away as the Orb of Zot is desecrated. x2
Your flesh rots away as the Orb of Zot is desecrated.
You slash something!
Your flesh rots away as the Orb of Zot is desecrated. x3
Ouch! That really hurt!
You die...

▓▓▓▓▓▓▓▓▓ ▓▓▓▓▓ ▓▓P.)P(.P▓▓
▓▓▓▓▓ ▓=)=▓ ▓▓.).....).▓▓ ▓})|▓
▓∆|:▓▓ ▓..).%.(.)).▓ ▓▓|[∆▓
▓▓▓▓▓▓▓▓▓▓...))_[.)%.▓▓▓▓▓▓▓▓▓▓
▓▓.....).%.@....)......▓▓
▓...%)............)...▓
▓..)▓▓▓▓.......▓▓▓▓...▓
▓▓...▓▓▓▓.....▓▓▓▓...▓▓
▓▓...▓▓▓▓...▓▓▓▓...▓▓
▓▓...▓▓▓▓▓▓▓▓▓...▓▓ ▓▓...▓▓
▓▓...▓▓ ▓▓...▓▓ ▓▓...▓▓ ▓▓▓▓▓
▓▓...▓▓▓...▓▓ ▓▓▓▓▓


You could see 3 friendly oklob saplings.

Vanquished Creatures
  2 iguanas (Zot)
  A sheep (Zot)
  A gnoll (Zot)
  Ijyb (Zot)
  A mummy (Zot)
  2 adders (Zot)
  A green rat (Zot)
  5 oozes (Zot)
  An orc (Zot)
  3 ball pythons (Zot)
  2 giant cockroaches (Zot)
  5 goblins (Zot)
  3 hobgoblins (Zot)
  4 bats (Zot)
  4 kobolds (Zot)
  3 rats (Zot)
39 creatures vanquished.

Vanquished Creatures (collateral kills)
  3 iguanas (Zot)
  2 gnoll shamans (Zot)
  A hound skeleton (Zot)
  2 adders (Zot)
  A green rat (Zot)
  A gnoll (Zot)
  5 orcs (Zot)
  6 goblins (Zot)
  4 hobgoblins (Zot)
  3 jackals (Zot)
  2 ball pythons (Zot)
  A giant newt (Zot)
  A kobold (Zot)
  2 quokkas (Zot)
  A rat (Zot)
35 creatures vanquished.

Vanquished Creatures (others)
  2 oklob saplings (Zot)
2 creatures vanquished.

Grand Total: 76 creatures vanquished

Notes
Turn   | Place    | Note
--------------------------------------------------------------
     0 | Zot      | UristPineapples, the Gargoyle Fighter, began the quest for the Orb.
     0 | Zot      | Reached XP level 1. HP: 14/14 MP: 1/1
   285 | Zot      | Reached XP level 2. HP: 13/20 MP: 2/2
   287 | Zot      | Reached skill level 4 in Fighting
   287 | Zot      | Reached XP level 3. HP: 14/24 MP: 3/3
   436 | Zot      | Reached XP level 4. HP: 23/30 MP: 4/4
   444 | Zot      | Reached skill level 5 in Fighting
   581 | Zot      | Reached XP level 5. HP: 35/35 MP: 5/5
   584 | Zot      | Noticed Ijyb
   601 | Zot      | Killed Ijyb
   601 | Zot      | Reached skill level 6 in Fighting
   653 | Zot      | Reached XP level 6. HP: 23/42 MP: 6/6
   714 | Zot      | Became a worshipper of Makhleb the Destroyer
   758 | Zot      | Reached skill level 7 in Fighting
   759 | Zot      | Reached XP level 7. HP: 19/43 MP: 7/7
   867 | Zot      | Reached skill level 8 in Fighting
   876 | Zot      | Acquired Makhleb's first power
   886 | Zot      | Noticed Sigmund
   916 | Zot      | Rotted away (Sigmund)

Action                   |  1- 3 |  4- 6 |  7- 9 || total
-------------------------+-------+-------+-------++-------
Melee: War axe           |    58 |    41 |    25 ||   124
Throw: Stone             |       |     8 |     4 ||    12
 Abil: Make oklob saplin |     2 |     2 |     1 ||     5
       Make altar        |       |     1 |       ||     1
  Use: Potion            |       |     2 |     2 ||     4
